 Dungeon Crawl Stone Soup version 0.29-a0-575-g0dc89cf053 (webtiles) character file.

Game seed: 363105149529204827

73476 Megustar the Scorcher (level 15, -1/80 HPs)
             Began as a Deep Elf Fire Elementalist on June 13, 2022.
             Was a High Priest of Vehumet.
             Slain by a +6 vorpal scimitar (23 damage)
             ... on level 1 of the Elven Halls.
             The game lasted 00:49:31 (28796 turns).

Megustar the Scorcher (Deep Elf Fire Elementalist) Turns: 28796, Time: 00:49:32

Health: -1/80      AC: 11    Str: 12    XL:     15   Next: 4%
Magic:  37/44      EV: 20    Int: 33    God:    Vehumet [*****.]
Gold:   746        SH:  8    Dex: 15    Spells: 7/40 levels left

rFire   . . .      SeeInvis .   A - +11 whip of Weelil {protect, Str+7}
rCold   + . .      Faith    .   S - +3 buckler
rNeg    + + +      Spirit   .   H - +1 troll leather armour
rPois   +          Reflect  .   W - +3 hat of Pondering {ponderous, Will+ MP+10 Int+5}
rElec   +          Harm     .   (no cloak)
rCorr   .          Rampage  .   Z - +2 pair of gloves {hurl}
Will    +....                   (no boots)
Stlth   ++........              i - amulet of the acrobat
HPRegen 1.03/turn               n - +4 ring of evasion
MPRegen 0.29/turn               f - ring "Zagring" {rElec rPois rC+ rN+++ Will-}

@: studying Polearms, slow
A: no striking features
a: Renounce Religion


You were on level 1 of the Elven Halls.
You worshipped Vehumet.
Vehumet was extremely pleased with you.
You visited 5 branches of the dungeon, and saw 23 of its levels.
You also visited: Volcano.

You collected 2367 gold pieces.
You spent 1621 gold pieces at shops.

Inventory:

Hand Weapons
 d - a +2 vorpal hunting sling
 A - the +11 whip of Weelil (weapon) {protect, Str+7}
   (You found it on level 12 of the Dungeon)

   It grants its wielder temporary protection when it strikes (+7 to AC).
   Str:       It affects your strength (+7).
 V - the +6 dagger "Killevef" {flame, rPois rCorr}
   (You found it on level 2 of the Orcish Mines)

   It burns those it strikes, dealing additional fire damage.
   rPois:     It protects you from poison.
   rCorr:     It protects you from acid and corrosion.
Missiles
 Y - 2 throwing nets
Armour
 v - a +2 robe of cold resistance
 C - a +2 robe of willpower
 H - a +1 troll leather armour (worn)
 R - the +3 leather armour of Pantheism {MP+9}
   (You took it off a vampire on level 11 of the Dungeon)

   MP:        It affects your magic capacity (+9).
 S - a +3 buckler (worn)
 W - the +3 hat of Pondering (worn) {ponderous, Will+ MP+10 Int+5}
   (You bought it in a shop on level 2 of the Orcish Mines)

   Int:       It affects your intelligence (+5).
   MP:        It affects your magic capacity (+10).
   Will:      It increases your willpower.
 Z - a +2 pair of gloves of hurling (worn)
Magical Staves
 w - a staff of poison
Jewellery
 f - the ring "Zagring" (right hand) {rElec rPois rC+ rN+++ Will-}
   (You acquired it on level 5 of the Dungeon)

   [ring of protection from cold]

   rC:        It protects you from cold.
   rElec:     It insulates you from electricity.
   rPois:     It protects you from poison.
   rN:        It renders you almost immune to negative energy.
   Will:      It decreases your willpower.
 i - an amulet of the acrobat (around neck)
 n - a +4 ring of evasion (left hand)
 p - a ring of poison resistance
 B - a ring of willpower
 F - a ring of magical power
 P - a ring of willpower
 T - a +4 ring of evasion
Wands
 t - a wand of digging (2)
 z - a wand of paralysis (21)
 I - a wand of acid (6)
 K - a wand of flame (15)
 O - a wand of charming (10)
 Q - a wand of iceblast (7)
Scrolls
 e - 10 scrolls of fear
 g - 9 scrolls of amnesia
 h - 12 scrolls of teleportation
 m - a scroll of silence
 s - 3 scrolls of blinking
 x - 2 scrolls of enchant weapon
 y - 2 scrolls of summoning
 D - 3 scrolls of fog
 E - 2 scrolls of poison
 L - 2 scrolls of vulnerability
 M - 4 scrolls of immolation
 X - a scroll of identify
Potions
 a - a potion of experience {unknown}
 b - a potion of magic
 c - 3 potions of might
 j - 2 potions of invisibility {unknown}
 k - 4 potions of lignification
 l - 6 potions of curing
 o - 4 potions of heal wounds
 q - 5 potions of brilliance
 r - 3 potions of cancellation
 u - 5 potions of mutation
 G - 4 potions of ambrosia {unknown}
 J - 2 potions of flight {unknown}
 N - a potion of berserk rage {unknown}
 U - 2 potions of haste


   Skills:
 - Level 4.0 Fighting
 - Level 4.0 Armour
 - Level 10.0 Dodging
 - Level 3.0 Stealth
 - Level 4.0 Shields
 + Level 13.2 Spellcasting
 * Level 15.5 Conjurations
 * Level 16.3 Fire Magic
 - Level 10.1 Evocations


You had 7 spell levels left.
You knew the following spells:

 Your Spells              Type           Power      Damage    Failure   Level
a - Foxfire               Conj/Fire      100%       2x1d9     0%          1
b - Conjure Flame         Conj/Fire      91%        6-21      0%          3
c - Scorch                Fire           100%       2d10      0%          2
d - Flame Wave            Conj/Fire      91%        2d15      1%          4
e - Shock                 Conj/Air       100%       1d9       1%          1
f - Iskenderun's Mystic   Conj/Tloc      65%        2d13      1%          4
g - Starburst             Conj/Fire      45%        6d13      1%          6
h - Fireball              Conj/Fire      45%        3d18      1%          5
i - Iskenderun's Battles  Conj           90%        2d14      1%          5
j - Blink                 Tloc           42%        N/A       5%          2

Your spell library contained the following spells:

 Spells                   Type           Power      Damage    Failure   Level
 Conjure Ball Lightning   Conj/Air       32%        3x3d10    6%          6
 Dazzling Flash           Conj/Hex       100%       N/A       1%          3
 Ignite Poison            Fire/Tmut/Pois 55%        N/A       1%          3
 Inner Flame              Hex/Fire       66%        N/A       1%          3
 Sticky Flame             Conj/Fire      91%        2d10      1%          4
 Irradiate                Conj/Tmut      32%        3d24      1%          5
 Necrotize                Necr           84%        1d8       3%          1
 Slow                     Hex            84%        N/A       3%          1
 Freezing Cloud           Conj/Ice/Air   27%        6-21      3%          5
 Ensorcelled Hibernation  Hex/Ice        42%        N/A       5%          2
 Passwall                 Tmut/Erth      17%        N/A       5%          2
 Sublimation of Blood     Necr           21%        N/A       5%          2
 Olgreb's Toxic Radiance  Pois           21%        N/A       10%         4
 Confusing Touch          Hex            21%        N/A       11%         3
 Gell's Gravitas          Tloc           21%        N/A       11%         3
 Lesser Beckoning         Tloc           21%        N/A       11%         3
 Swiftness                Air            21%        N/A       11%         3
 Teleport Other           Tloc           21%        N/A       11%         3
 Vampiric Draining        Necr           21%        2d7       11%         3
 Spellforged Servitor     Conj/Summ      32%        N/A       28%         7
 Cause Fear               Hex            10%        N/A       34%         4
 Petrify                  Tmut/Erth      21%        N/A       34%         4
 Summon Ice Beast         Ice/Summ       21%        N/A       34%         4
 Agony                    Necr           21%        N/A       67%         5
 Manifold Assault         Tloc           21%        N/A       67%         5
 Simulacrum               Ice/Necr       10%        N/A       99%         6
 Ozocubu's Refrigeration  Ice            10%        4d7       99%         7
 Dragon Form              Tmut           10%        N/A       100%        7
 Storm Form               Tmut/Air       10%        N/A       100%        7
 Ignition                 Fire           46%        3d13      7%          8
 Dragon's Call            Summ           10%        N/A       100%        9
 Polar Vortex             Ice            10%        N/A       100%        9


Dungeon Overview and Level Annotations

Branches:
Dungeon (13/15)            Temple (1/1) D:4            Lair (6/6) D:8
  Swamp (0/4) Lair:3        Snake (0/4) Lair:2        Slime (0/5) Lair:5
    Orc (2/2) D:11            Elf (1/3) Orc:2        Vaults (0/5) D:13
Volcano (visited)

Altars:
Ashenzari
Cheibriados
Dithmenos
Elyvilon
Fedhas
Gozag
Hepliaklqana
Kikubaaqudgha
Makhleb
Nemelex Xobeh
Okawaru
Qazlal
Ru
Sif Muna
Trog
Uskayaw
Vehumet
Wu Jian
Xom
Yredelemnul
Zin
The Shining One
Beogh

Shops:
D:7 ?   Orc:2 (?=[

Annotations:
D:4 1 runed translucent door, Tribosh's ghost, amateur MiBe
D:13 Nessos; Rupert; Urug
Lair:6 exclusion: obsidian statue
Elf:1 Nikola


Message History

Okay, then.
Casting: Fireball (safe; 1% risk of failure)
Confirm with . or Enter, or press ? or * to list all spells.
Okay, then.
Casting: Fireball (safe; 1% risk of failure)
Confirm with . or Enter, or press ? or * to list all spells.
You erupt in a blast of force!
The mystic blast hits the +0 war axe of flaming!!
The +0 war axe of flaming falls from the air.
Vehumet accepts your kill.
Your battlesphere wavers and loses cohesion.
You see here a +0 war axe of flaming.
c - 3 potions of might (gained 1) As you open the large door, it creaks loudly!
A +6 vorpal scimitar comes into view.
You hear a shout!
Casting: Iskenderun's Mystic Blast (safe; 1% risk of failure)
Confirm with . or Enter, or press ? or * to list all spells.
You erupt in a blast of force!
The mystic blast hits the +6 vorpal scimitar but does no damage.
The +6 vorpal scimitar hits you!
A +2 short sword of venom comes into view.
The +6 vorpal scimitar hits you!
Nikola the Mad Inventor comes into view.
He is wielding a +2 rapier of electrocution.
Unknown command.
The +6 vorpal scimitar attacks as you move away!
The +6 vorpal scimitar hits you!!
The +6 vorpal scimitar completely misses you.
Casting: Iskenderun's Mystic Blast (safe; 1% risk of failure)
Confirm with . or Enter, or press ? or * to list all spells.
Okay, then.
The +6 vorpal scimitar attacks as you move away!
The +6 vorpal scimitar hits you!
* * * LOW HITPOINT WARNING * * *
x2
Casting: Iskenderun's Mystic Blast (safe; 1% risk of failure)
Confirm with . or Enter, or press ? or * to list all spells.
You erupt in a blast of force!
The mystic blast hits the +6 vorpal scimitar but does no damage.
The +6 vorpal scimitar hits you!!
You die...

#..# #.# #+##### #..# #.#
#.#
...#####..###.#####.#####
#.......................
######.##...............
#.###.######..#####
#.######.###.######..#####
'.........................
..###..(@................
#..###.######..###### #''#
#+# #..# # #.... #..# #
#..... #..# # #...... #..#
# #....... #..# #
#........ #.....(@..


You could see a +6 vorpal scimitar.

Vanquished Creatures
  4 dire elephants (Lair:6)
  A boulder beetle (Lair:3)
  4 hydras
  5 ogre magi (Orc:2)
  A catoblepas (Lair:6)
  2 dancing weapons (Elf:1)
  A centaur warrior (Volcano)
  Erica (D:8)
  A death yak (Lair:6)
  4 two-headed ogres
  A deep elf knight (Elf:1)
  A spectral death yak (Lair:6)
  A hell knight (Volcano)
  A spectral anaconda (Lair:6)
  Pikel (D:6)
  2 deep elf zephyrmancers (Elf:1)
  A deep elf archer (Elf:1)
  2 orc knights
  4 necromancers (Lair:6)
  3 deep elf pyromancers
  A lindwurm (Lair:6)
  An ugly thing (D:8)
  5 oklob plants (Lair:5)
  A manticore (D:12)
  8 orc sorcerers
  8 black mambas
  2 molten gargoyles (Volcano)
  15 elephants
  13 cane toads
  A dire elephant skeleton (Lair:6)
  3 rime drakes
  2 kobold demonologists (D:10)
  A yaktaur (Volcano)
  12 komodo dragons
  A hornet (D:11)
  A tyrant leech (Lair:3)
  14 blink frogs
  6 trolls
  10 dream sheep (Lair:6)
  2 wraiths (D:12)
  A vampire (D:11)
  4 wyverns
  22 yaks
  2 fire bats (Volcano)
  2 basilisks
  2 fire elementals (Orc:2)
  A steam dragon (D:6)
  2 spectral cane toads (Lair:6)
  6 swamp worms (Lair:3)
  A warg (Orc:1)
  4 vampire mosquitoes (D:11)
  3 nagas (Lair:2)
  Menkaure (D:6)
  20 water moccasins
  2 acid dragons (D:12)
  A hell hound (Orc:2)
  24 orc warriors
  5 black bears
  An ice beast (D:6)
  9 ogres
  12 centaurs
  An elephant skeleton (Lair:6)
  25 wolves
  3 lemures
  2 kobold brigands
  14 bullfrogs
  Blork the orc (D:4)
  A gnoll sergeant (D:12)
  A cane toad simulacrum (Lair:6)
  A necrophage (D:5)
  3 scorpions
  An elephant simulacrum (Lair:6)
  6 killer bees (D:9)
  5 howler monkeys
  2 electric eels (D:8)
  3 lava snakes (Volcano)
  6 hounds
  4 gnoll shamans
  21 orc priests
  2 iguanas
  41 orc wizards
  Robin (D:4)
  20 gnolls
  10 adders
  3 worms
  92 orcs
  9 ball pythons
  4 bats
  9 endoplasms
  4 giant cockroaches
  14 goblins
  9 hobgoblins
  12 jackals
  18 kobolds
  4 quokkas
  4 frilled lizards
  6 rats
  A butterfly (Lair:3)
636 creatures vanquished.

Vanquished Creatures (collateral kills)
  Azrael (Orc:2)
  4 fire elementals (Orc:2)
  A hell hound (Orc:2)
  15 foxfires
21 creatures vanquished.

Vanquished Creatures (others)
  1339 foxfires
  37 fungi
  58 plants
  29 withered plants
1463 creatures vanquished.

Grand Total: 2120 creatures vanquished

Notes
Turn   | Place    | Note
-------+----------+-------------------------------------------
     0 | D:1      | Megustar the Deep Elf Fire Elementalist began the quest for
                  | the Orb.
     0 | D:1      | Reached XP level 1. HP: 10/10 MP: 6/6
   539 | D:1      | Reached XP level 2. HP: 15/15 MP: 5/8
   542 | D:1      | Learned a level 2 spell: Scorch
  1243 | D:2      | Found a sacrificial altar of Ru.
  1267 | D:2      | Reached XP level 3. HP: 19/19 MP: 4/9
  1271 | D:2      | Learned a level 3 spell: Conjure Flame
  1506 | D:2      | Reached skill level 4 in Fire Magic
  1918 | D:2      | Reached XP level 4. HP: 24/24 MP: 6/11
  1923 | D:2      | Learned a level 4 spell: Flame Wave
  2830 | D:3      | Found a faded altar of an unknown god.
  3173 | D:3      | Found a glowing golden altar of the Shining One.
  3337 | D:4      | Reached XP level 5. HP: 28/28 MP: 10/13
  3436 | D:4      | Noticed Blork the orc
  3442 | D:4      | Killed Blork the orc
  3496 | D:4      | Reached skill level 5 in Fire Magic
  3663 | D:4      | Found a staircase to the Ecumenical Temple.
  3667 | Temple   | Entered the Ecumenical Temple
  3968 | Temple   | Became a worshipper of Vehumet
  4052 | D:4      | Reached XP level 6. HP: 32/32 MP: 6/15
  4120 | D:4      | Found a runed translucent door.
  4121 | D:4      | Noticed Tribosh's ghost (amateur MiBe)
  4658 | D:4      | Reached skill level 5 in Spellcasting
  4725 | D:4      | Noticed Robin
  4731 | D:4      | Killed Robin
  5242 | D:5      | Entered Level 5 of the Dungeon
  5310 | D:5      | Reached skill level 5 in Conjurations
  5310 | D:5      | Reached * piety under Vehumet
  5310 | D:5      | Offered knowledge of Shock by Vehumet.
  5315 | D:5      | Learned a level 1 spell: Shock
  5385 | D:5      | Noticed a water moccasin
  5413 | D:5      | Reached skill level 6 in Fire Magic
  5413 | D:5      | Reached XP level 7. HP: 24/36 MP: 7/17
  6081 | D:5      | Identified a scroll of acquirement
  6087 | D:5      | Acquired the ring "Zagring" {rElec rPois rC+ rN+++ Will-}
  6418 | D:5      | Learned a level 4 spell: Iskenderun's Mystic Blast
  6821 | D:5      | Reached skill level 7 in Fire Magic
  6957 | D:6      | Reached XP level 8. HP: 41/41 MP: 15/19
  7287 | D:6      | Noticed Menkaure
  7291 | D:6      | Killed Menkaure
  7292 | D:6      | Reached skill level 1 in Evocations
  7464 | D:6      | Noticed Pikel
  7538 | D:6      | Reached skill level 1 in Fighting
  8094 | D:6      | Killed Pikel
  8095 | D:6      | Reached skill level 8 in Fire Magic
  8095 | D:6      | Reached XP level 9. HP: 48/48 MP: 10/21
  8239 | D:7      | Offered knowledge of Sandblast by Vehumet.
  8241 | D:7      | Reached ** piety under Vehumet
  8979 | D:7      | Found Moru's Magic Scroll Shoppe.
  8982 | D:7      | Bought a scroll of teleportation for 33 gold pieces
  8982 | D:7      | Bought a scroll of identify for 22 gold pieces
  8982 | D:7      | Bought a scroll of blinking for 82 gold pieces
  8982 | D:7      | Bought a scroll of identify for 22 gold pieces
  8982 | D:7      | Bought a scroll of identify for 22 gold pieces
  8982 | D:7      | Bought a scroll of fear for 38 gold pieces
  9449 | D:8      | Found a transporter.
  9515 | D:8      | Noticed Erica
  9524 | D:8      | Killed Erica
  9525 | D:8      | Reached skill level 9 in Fire Magic
  9594 | D:8      | Reached skill level 5 in Dodging
  9601 | D:8      | Noticed a purple ugly thing
  9618 | D:8      | Killed a purple ugly thing
  9619 | D:8      | Reached XP level 10. HP: 15/53 MP: 13/24
  9624 | D:8      | Offered knowledge of Static Discharge by Vehumet.
  9897 | D:8      | Found a transporter.
 10381 | D:8      | Found a staircase to the Lair.
 10474 | D:8      | Found an iron altar of Okawaru.
 10654 | D:9      | Reached *** piety under Vehumet
 10816 | D:9      | Reached skill level 10 in Fire Magic
 11076 | D:9      | Noticed a two-headed ogre
 11091 | D:9      | Killed a two-headed ogre
 11092 | D:9      | Reached skill level 5 in Evocations
 11374 | D:9      | Learned a level 6 spell: Starburst
 11852 | D:10     | Entered Level 10 of the Dungeon
 11880 | D:10     | Reached skill level 10 in Conjurations
 12153 | D:10     | Offered knowledge of Ignite Poison by Vehumet.
 12838 | D:11     | Noticed a two-headed ogre
 12841 | D:11     | Killed a two-headed ogre
 12894 | D:11     | Reached XP level 11. HP: 41/57 MP: 15/26
 13351 | D:11     | Reached skill level 11 in Fire Magic
 13456 | D:11     | Identified the +3 leather armour of Pantheism {MP+9}
 13750 | D:11     | Reached **** piety under Vehumet
 13766 | D:11     | Offered knowledge of Fireball by Vehumet.
 13789 | D:11     | Learned a level 5 spell: Fireball
 13930 | D:11     | Noticed a two-headed ogre
 13934 | D:11     | Killed a two-headed ogre
 13935 | D:11     | Reached skill level 1 in Armour
 14034 | D:11     | Found a staircase to the Orcish Mines.
 14632 | D:11     | Found a blossoming altar of Fedhas.
 14833 | D:12     | Noticed a deep elf pyromancer
 15135 | D:12     | Noticed a two-headed ogre
 15143 | D:12     | Killed a two-headed ogre
 15144 | D:12     | Reached skill level 10 in Spellcasting
 15273 | D:12     | Killed a deep elf pyromancer
 15779 | D:12     | Reached skill level 1 in Shields
 15989 | D:12     | Identified the +11 whip of Weelil {protect, Str+7}
 16048 | D:13     | Noticed a death knight
 16048 | D:13     | Noticed Urug
 16048 | D:13     | Noticed Rupert
 16048 | D:13     | Noticed Nessos
 16048 | D:13     | Noticed a two-headed ogre
 16048 | D:13     | Found a gate to the Vaults.
 16141 | Orc:1    | Entered Level 1 of the Orcish Mines
 16147 | Orc:1    | Reached skill level 12 in Fire Magic
 16149 | Orc:1    | Reached ***** piety under Vehumet
 16149 | Orc:1    | Offered knowledge of Sticky Flame by Vehumet.
 16150 | Orc:1    | Noticed an orc knight
 16160 | D:11     | Killed an orc knight
 16298 | Orc:1    | Noticed an orc sorcerer
 16299 | Orc:1    | Reached XP level 12. HP: 54/62 MP: 28/28
 16881 | Orc:2    | Entered Level 2 of the Orcish Mines
 16881 | Orc:2    | Found a staircase to the Elven Halls.
 17436 | Orc:2    | Identified the +6 dagger "Killevef" {flame, rPois rCorr}
 17785 | Orc:2    | Offered knowledge of Iskenderun's Battlesphere by Vehumet.
 17990 | Orc:2    | Reached skill level 13 in Fire Magic
 18163 | Orc:2    | Noticed an ogre mage
 18165 | Orc:2    | Killed an ogre mage
 18219 | Orc:2    | Noticed an ogre mage
 18221 | Orc:2    | Killed an ogre mage
 18254 | Orc:2    | Found a radiant altar of Vehumet.
 18272 | Orc:2    | Noticed an ogre mage
 18275 | Orc:2    | Killed an ogre mage
 18370 | Orc:2    | Found Qettuc's Jewellery Boutique.
 18377 | Orc:2    | Noticed an ogre mage
 18380 | Orc:2    | Killed an ogre mage
 18386 | Orc:2    | Noticed Azrael
 18391 | Orc:2    | Found Jicw's Antique Armour Shop.
 18401 | Orc:2    | Bought the +3 hat of Pondering {ponderous, Will+ MP+10
                  | Int+5} for 1066 gold pieces
 18401 | Orc:2    | Found the +3 hat of Pondering {ponderous, Will+ MP+10
                  | Int+5}
 18536 | Orc:2    | Noticed an ogre mage
 18541 | Orc:2    | Killed an ogre mage
 18626 | Orc:2    | Found an ancient bone altar of Kikubaaqudgha.
 18680 | Orc:2    | Learned a level 5 spell: Iskenderun's Battlesphere
 18727 | Orc:2    | Killed Azrael
 18794 | Orc:2    | Reached XP level 13. HP: 65/68 MP: 16/29
 18987 | Orc:2    | Found Afooliost's Magic Scroll Shop.
 18998 | Orc:2    | Found Raoloxum's Antique Weapon Shop.
 19009 | Orc:2    | Bought a scroll of teleportation for 36 gold pieces
 19009 | Orc:2    | Bought a scroll of fear for 42 gold pieces
 19009 | Orc:2    | Bought a scroll of enchant armour for 90 gold pieces
 19009 | Orc:2    | Bought a scroll of amnesia for 42 gold pieces
 19009 | Orc:2    | Bought 3 scrolls of amnesia for 126 gold pieces
 19200 | D:10     | Identified the +8 falchion of Destiny {holy, Contam Fly
                  | Str+2}
 19284 | Lair:1   | Entered Level 1 of the Lair of Beasts
 19439 | Lair:1   | Learned a level 2 spell: Blink
 20807 | Lair:2   | Reached skill level 14 in Fire Magic
 21411 | Lair:2   | Found a staircase to the Snake Pit.
 21933 | Lair:3   | Found a staircase to the Swamp.
 21940 | Lair:3   | Offered knowledge of Lee's Rapid Deconstruction by Vehumet.
 22179 | Lair:3   | Found a dark tunnel.
 22187 | Volcano  | Entered a volcano
 22337 | Volcano  | Found a radiant altar of Vehumet.
 23959 | Lair:4   | Reached XP level 14. HP: 76/76 MP: 31/31
 25268 | Lair:5   | Reached skill level 15 in Fire Magic
 25354 | Lair:5   | Found a staircase to the Slime Pits.
 26214 | Lair:6   | Entered Level 6 of the Lair of Beasts
 26403 | Lair:6   | Reached skill level 10 in Dodging
 26505 | Lair:6   | Identified the +7 trident of Dung {freeze, Will+ Stlth+}
 26523 | Lair:6   | Got Sif Muna's Incunabulum of the Entourage
 26721 | Lair:6   | Reached skill level 10 in Evocations
 27149 | Lair:6   | Reached ****** piety under Vehumet
 27387 | Lair:6   | Offered knowledge of Conjure Ball Lightning by Vehumet.
 27388 | Lair:6   | Reached skill level 15 in Conjurations
 28010 | Lair:6   | Reached skill level 16 in Fire Magic
 28452 | Elf:1    | Entered Level 1 of the Elven Halls
 28463 | Elf:1    | Reached XP level 15. HP: 58/80 MP: 18/34
 28793 | Elf:1    | Noticed Nikola
 28796 | Elf:1    | Slain by a +6 vorpal scimitar

Illustrated notes

Levels and vault maps discovered:
D:1:      onia_arrival_handbag, layout_basic, minmay_pentomino_z4
D:2:      layout_loops_cross, basic_altar
D:3:      layout_basic, marbit_many_paths,
          hellmonk_ecumenical_altar_arch_garden, grunt_ministairs_3
D:4:      layout_basic, minmay_temple_entry_steel_oval, gammafunk_ghost_grave,
          dk_noncrumbling_2, uniq_robin, uniq_blork_the_orc
D:5:      layout_basic, minmay_misc_feat_ornament
D:6:      layout_loops_cross, corexii_item_surrounded_by_moat, uniq_pikel,
          uniq_menkaure
D:7:      layout_cave_pools, serial_shops, kennysheep_mini_moat
D:8:      gammafunk_steamed_eel, layout_basic, kennysheep_okawaru_gauntlet,
          grunt_lair_entry_orc_guard_hut, uniq_erica
D:9:      layout_stronghold
D:10:     layout_roguey, minmay_misc_feat_pillars
D:11:     layout_loops_corners, david_orc_5, hangedman_decor_push,
          eino_small_chamber_without_monster, fedhas_altar_fruit_tree
D:12:     layout_rooms
D:13:     layout_cave_pools, david_vaults_3, minmay_misc_feat_chi
Temple:   mainiacjoe_temple_cubbyholes
Lair:1:   layout_gridlike, grunt_megastairs_4, uniq_urug
Lair:2:   layout_layer_cave, minmay_snake_entry_guardpost_medium
Lair:3:   layout_small_grid, minmay_swamp_entry_worms, enter_volcano_1,
          grunt_megastairs_2, serial_bayou_shore_a, lemuel_fruit_fields
Lair:4:   layout_regular_city, grunt_megastairs_1
Lair:5:   layout_cave_pods, minmay_slime_entry_oklob_enclosed
Lair:6:   due_jungle_book, layout_big_grid, serial_bayou_crossing
Orc:1:    layout_diamond_mine, mines1_david
Orc:2:    kennysheep_orc_mage_school, layout_caves, minmay_orc_keep, uniq_azrael
Elf:1:    layout_gridlike, hangedman_corner_corridor, uniq_nikola

Skill      XL: |  1  2  3  4  5  6  7  8  9 10 11 12 13 14 |
---------------+-------------------------------------------+-----
Conjurations   | 2 3 4 5 6 7 9 10 11 12 13 15 | 15.5
Fire Magic     | 4 5 6 7 8 9 10 12 13 14 16 | 16.3
Spellcasting   | 4 5 6 7 8 9 10 11 13 | 13.2
Stealth        | 3 |  3.0
Evocations     | 2 4 5 6 8 9 10 | 10.1
Fighting       | 1 2 4 |  4.0
Dodging        | 3 5 6 8 9 10 | 10.0
Armour         | 2 4 |  4.0
Shields        | 2 4 |  4.0

Action                   |  1- 3 |  4- 6 |  7- 9 | 10-12 | 13-15 || total
-------------------------+-------+-------+-------+-------+-------++-------
Melee: Hand axe          |       |       |     1 |     7 |       ||     8
       Dagger            |       |       |       |     1 |       ||     1
 Fire: Hunting sling     |    46 |    40 |     4 |     4 |       ||    94
 Cast: Foxfire           |    52 |    83 |   165 |   258 |   247 ||   805
       Scorch            |     3 |    33 |    48 |    57 |    27 ||   168
       Flame Wave        |       |       |     7 |    34 |     7 ||    48
       Conjure Flame     |       |       |     2 |     3 |       ||     5
       Starburst         |       |       |       |     8 |    21 ||    29
       Fireball          |       |       |       |   108 |   131 ||   239
       Iskenderun's Myst |       |       |       |     7 |    28 ||    35
       Shock             |       |       |       |     4 |     2 ||     6
       Iskenderun's Batt |       |       |       |     3 |    79 ||    82
Evoke: Wand              |       |       |     1 |     2 |     1 ||     4
  Use: Scroll            |       |     1 |    14 |    14 |     9 ||    38
       Potion            |       |       |       |     1 |       ||     1
 Stab: Paralysed         |       |       |     1 |       |       ||     1
Armor: Robe              |     2 |     2 |     7 |     5 |       ||    16
       Leather armour    |       |       |       |     5 |       ||     5
       Troll leather arm |       |       |       |     5 |     6 ||    11
Dodge: Dodged            |     9 |    17 |    29 |    91 |    36 ||   182
Block: Buckler           |       |       |       |     8 |    16 ||    24

Table legend: (Time is in decaauts)
 A = Elapsed time spent in this place.
 B = Non-inter-level travel time spent in this place.
 C = Inter-level travel time spent in this place.
 D = Time resting spent in this place.
 E = Time spent auto-exploring this place.
 F = Levels seen in this place.
 G = Mean time per level.
                   A        B        C        D        E       F      G
               +--------+--------+--------+--------+--------+-----+--------+
         Total |  29496 |  28113 |   1383 |   1621 |  22294 |  24 | 1229.0 |
       Dungeon |  16248 |  15492 |    756 |    797 |  12690 |  13 | 1249.8 |
        Temple |    356 |    290 |     66 |      0 |    288 |   1 |  356.0 |
          Lair |   9049 |   8636 |    413 |    286 |   7279 |   6 | 1508.2 |
  Orcish Mines |   3005 |   2860 |    145 |    420 |   1752 |   2 | 1502.5 |
   Elven Halls |    251 |    251 |      0 |      0 |    218 |   1 |  251.0 |
       Volcano |    585 |    585 |      0 |    118 |     67 |   1 |  585.0 |
               +--------+--------+--------+--------+--------+-----+--------+

Top non-repeatable levels by time:
    D:11: 2639 daAuts
  Lair:6: 2155 daAuts
   Orc:2: 2104 daAuts
     D:5: 1740 daAuts
     D:4: 1561 daAuts
  Lair:2: 1561 daAuts
     D:8: 1550 daAuts
  Lair:5: 1540 daAuts
     D:6: 1441 daAuts
  Lair:3: 1367 daAuts
     D:9: 1270 daAuts
     D:1: 1252 daAuts
     D:3: 1235 daAuts
  Lair:1: 1227 daAuts
  Lair:4: 1198 daAuts
